 Dungeon Crawl Stone Soup version 0.27-a0-1325-g58a489ad9e (webtiles) character file.

Game seed: 6293428304060460251

1605 27snakeeyes612 the Chopper (level 8, -2/106 HPs)
             Began as a Minotaur Berserker on June 24, 2021.
             Was an Elder of Trog.
             Succumbed to a water moccasin's poison
             ... on level 5 of the Dungeon.
             The game lasted 00:03:47 (5261 turns).

27snakeeyes612 the Chopper (Minotaur Berserker)     Turns: 5261, Time: 00:03:47

Health: -2/106     AC: 10    Str: 24    XL:     8   Next: 63%
Magic:  7/7        EV: 14    Int:  4    God:    Trog [****..]
Gold:   182        SH:  5    Dex: 16    Spells: 7/7 levels left

rFire    . . .     SeeInvis .   a - +0 hand axe
rCold    . . .     Faith    .   j - +0 buckler
rNeg     . . .     Spirit   .   s - +3 ring mail
rPois    .         Reflect  .   (helmet restricted)
rElec    .         Harm     .   x - +0 cloak
rCorr    .         Rampage  .   (no gloves)
Will     ++...                  (no boots)
Stlth    ..........             (no amulet)
HPRegen  1.27/turn              k - +4 ring of slaying
MPRegen  0.10/turn              p - +6 ring of dexterity

@: berserking (expiring), lethally poisoned (-2 -> -25), strong-willed
(expiring), regenerating (expiring), very quick
A: horns 2, retaliatory headbutt
a: Renounce Religion, Berserk, Trog's Hand, Brothers in Arms


You were on level 5 of the Dungeon.
You worshipped Trog.
Trog was greatly pleased with you.
You visited 1 branch of the dungeon, and saw 5 of its levels.

You collected 182 gold pieces.

Inventory:

Hand Weapons
 a - a +0 hand axe (weapon)
 w - the +0 mace "Saqal" {vorpal, Fly rElec rPois Str+3}
   (You found it on level 4 of the Dungeon)

   It inflicts extra damage upon your enemies.
   It affects your strength (+3).
   It insulates you from electricity.
   It protects you from poison.
   It grants you flight.
Missiles
 u - a throwing net
Armour
 b - a +0 animal skin
 f - a +0 ring mail
 j - a +0 buckler (worn)
 s - a +3 ring mail (worn)
 x - a +0 cloak (worn)
Jewellery
 e - an amulet of magic regeneration
 k - a +4 ring of slaying (left hand)
 p - a +6 ring of dexterity (right hand)
Wands
 m - a wand of flame (18)
 q - a wand of iceblast (4)
Scrolls
 c - 2 scrolls of identify {unknown}
 d - a scroll of immolation {unknown}
 h - a scroll of enchant weapon {unknown}
 n - a scroll of magic mapping {unknown}
 t - a scroll of noise {unknown}
 v - a scroll of fear {unknown}
 y - a scroll of summoning {unknown}
Potions
 g - a potion of attraction {unknown}
 i - 2 potions of curing {unknown}
 l - a potion of mutation {unknown}
 o - a potion of haste {unknown}
 r - a potion of cancellation {unknown}
 z - a potion of might {unknown}
 A - a potion of flight {unknown}


   Skills:
 + Level 6.9 Fighting
 + Level 7.0 Axes
 + Level 6.2 Armour
 + Level 5.7 Dodging
 - Level 0.1 Stealth
 + Level 5.4 Shields


You had 7 spell levels left.
You didn't know any spells.
Your spell library was empty.

Dungeon Overview and Level Annotations

Branches:
Dungeon (5/15)             Temple (0/1) D:4

Altars:


Innate Abilities, Weirdness & Mutations

You have a pair of horns on your head.
You reflexively headbutt those who attack you in melee.


Message History

You slash the hound zombie! You barely miss the water moccasin.
You feel very sick. The water moccasin bites you.
* * * LOW HITPOINT WARNING * * *
You are lethally poisoned!
The water moccasin poisons you! Something hits you but does no damage.
The hound zombie closely misses you.
You slash the water moccasin!
The water moccasin is severely wounded.
You barely miss something. You hit the hound zombie.
* * * LOW HITPOINT WARNING * * *
You feel very sick. The water moccasin bites you.
* * * LOW HITPOINT WARNING * * *
You are more poisoned.
The water moccasin poisons you! The gnoll closely misses you.
The hound zombie bites you but does no damage.
You slash something! Trog accepts your kill.
Trog appreciates your killing of a magic user.
You can now call in reinforcements.
Reactivating autopickup.
You feel a bit more experienced.
You barely miss the hound zombie. You slash the water moccasin!
You kill the water moccasin!
Trog accepts your kill.
You feel the effects of Trog's Hand fading.
* * * LOW HITPOINT WARNING * * *
You feel extremely sick. You block the gnoll's attack.
Your Axes skill increases to level 7!
* * * LOW HITPOINT WARNING * * *
You feel very sick. The hound zombie closely misses you.
Things that are here:
a +0 dagger; a +0 robe You slice the hound zombie!!
You destroy the hound zombie!
Trog accepts your kill.
You die...

##....... ..#
#........ ....
......... .....
......... .....
#...... .....##....#
#...
....?g...#.#....#.....
#....)@†............<.
#....).).###.... #....
##...)..###..... #...
#...............##...#
#......#.....##
........
..##......##...##
........ ...#......#
#...+ #.......
..........####..+
#......<
................##
........


You could see a gnoll.

Vanquished Creatures
  Grinder (D:3)
  Edmund (D:4)
  A water moccasin (D:5)
  A black bear (D:4)
  2 ogres (D:4)
  Blork the orc (D:4)
  2 scorpions
  A wyvern skeleton (D:5)
  A bullfrog zombie (D:5)
  2 hounds
  4 jellies
  2 orc priests
  Crazy Yiuf (D:4)
  2 iguanas
  A centaur skeleton (D:4)
  Ijyb (D:3)
  3 orc wizards (D:5)
  A hound zombie (D:5)
  Robin (D:4)
  5 adders
  4 gnolls (D:4)
  An adder skeleton (D:4)
  3 dart slugs
  7 orcs
  9 endoplasms
  6 giant cockroaches
  15 goblins
  9 hobgoblins
  6 jackals
  2 quokkas
  7 ball pythons
  8 bats
  A frilled lizard (D:2)
  10 kobolds
  3 rats
125 creatures vanquished.

Vanquished Creatures (others)
  6 fungi (D:2)
  8 toadstools (D:2)
14 creatures vanquished.

Grand Total: 139 creatures vanquished

Notes
Turn   | Place    | Note
-------+----------+-------------------------------------------
     0 | D:1      | 27snakeeyes612 the Minotaur Berserker began the quest for
                  | the Orb.
     0 | D:1      | Reached XP level 1. HP: 19/19 MP: 0/0
   107 | D:1      | Reached skill level 4 in Axes
   126 | D:1      | Reached XP level 2. HP: 18/27 MP: 1/1
   760 | D:1      | Reached ** piety under Trog
   762 | D:1      | Reached XP level 3. HP: 32/33 MP: 2/2
   786 | D:1      | Found a faded altar of an unknown god.
  1606 | D:1      | Reached skill level 1 in Shields
  1606 | D:1      | Reached XP level 4. HP: 25/41 MP: 3/3
  1825 | D:2      | Reached XP level 5. HP: 47/47 MP: 4/4
  2254 | D:3      | Noticed Grinder
  2320 | D:3      | Paralysed by Grinder for 3 turns
  2331 | D:3      | Killed Grinder
  2332 | D:3      | Reached skill level 5 in Fighting
  2332 | D:3      | Reached skill level 5 in Axes
  2332 | D:3      | Reached XP level 6. HP: 56/56 MP: 5/5
  3060 | D:3      | Noticed Ijyb
  3063 | D:3      | Killed Ijyb
  3165 | D:3      | Reached *** piety under Trog
  3468 | D:4      | Reached XP level 7. HP: 36/61 MP: 6/6
  3621 | D:4      | Noticed Blork the orc
  3626 | D:4      | Killed Blork the orc
  3741 | D:4      | Noticed Robin
  3749 | D:4      | Killed Robin
  3835 | D:4      | Noticed Edmund
  3841 | D:4      | Killed Edmund
  3842 | D:4      | Reached skill level 5 in Armour
  3851 | D:4      | Reached skill level 6 in Axes
  4200 | D:4      | Found a runed translucent door.
  4201 | D:4      | Noticed Crazy Yiuf
  4454 | D:4      | Reached skill level 5 in Dodging
  4454 | D:4      | Reached XP level 8. HP: 48/70 MP: 7/7
  4916 | D:4      | Found a staircase to the Ecumenical Temple.
  5106 | D:4      | Killed Crazy Yiuf
  5110 | D:4      | Identified the +0 mace "Saqal" {vorpal, Fly rElec rPois
                  | Str+3}
  5146 | D:5      | Entered Level 5 of the Dungeon
  5246 | D:5      | Reached skill level 5 in Shields
  5254 | D:5      | Reached **** piety under Trog
  5260 | D:5      | Reached skill level 7 in Axes
  5260 | D:5      | HP: 2/106 [poisoned by a water moccasin]
  5261 | D:5      | Succumbed to a water moccasin's poison

Illustrated notes

Levels and vault maps discovered:
D:1:      lightli_arrival_quake, layout_loops_ring, basic_ecumenical_altar
D:2:      cheibrodos_fertilizer, layout_loops_ring, minmay_misc_feat_plants
D:3:      layout_loops_ring, grunt_ministairs_4, uniq_grinder, uniq_ijyb
D:4:      layout_loops_corners, minmay_temple_entry_poolview, hex_tiny,
          chequers_jeans, uniq_robin, uniq_blork_the_orc, uniq_edmund,
          uniq_crazy_yiuf_cottage
D:5:      layout_cave_pools, serial_gnoll_camp, gnoll_camp_huts_moat,
          gnoll_camp_mini_hut, gnoll_camp_mini_basic, gnoll_camp_mini_house,
          serial_shops, shop

Skill      XL: |  1  2  3  4  5  6  7  8 |
---------------+-------------------------+-----
Axes           | 4 5 6 7 |  7.0
Fighting       | 4 5 6 |  6.9
Armour         | 3 4 5 6 |  6.2
Shields        | 1 2 3 4 5 |  5.4
Dodging        | 3 4 5 |  5.7
Stealth        | |  0.1

Action                   |  1- 3 |  4- 6 |  7- 9 || total
-------------------------+-------+-------+-------++-------
Melee: Hand axe          |    76 |    76 |    82 ||   234
       Headbutt          |    14 |    11 |    14 ||    39
Invok: Berserk           |       |     5 |     5 ||    10
       Trog's Hand       |       |       |     1 ||     1
 Stab: Sleeping          |     1 |       |       ||     1
Armor: Animal skin       |     3 |       |       ||     3
       Ring mail         |    20 |    20 |    45 ||    85
Dodge: Dodged            |    47 |    32 |    59 ||   138
Block: Buckler           |     4 |    11 |    26 ||    41

Table legend: (Time is in decaauts)
 A = Elapsed time spent in this place.
 B = Non-inter-level travel time spent in this place.
 C = Inter-level travel time spent in this place.
 D = Time resting spent in this place.
 E = Time spent auto-exploring this place.
 F = Levels seen in this place.
 G = Mean time per level.
                   A        B        C        D        E       F      G
               +--------+--------+--------+--------+--------+-----+--------+
         Total |   5370 |   5183 |    187 |    467 |   4065 |   5 | 1074.0 |
       Dungeon |   5370 |   5183 |    187 |    467 |   4065 |   5 | 1074.0 |
               +--------+--------+--------+--------+--------+-----+--------+

Top non-repeatable levels by time:
     D:4: 1833 daAuts
     D:1: 1307 daAuts
     D:2: 1189 daAuts
     D:3: 926 daAuts
     D:5: 112 daAuts
